 Dungeon Crawl Stone Soup version 0.27.1-34-g3ba077fa99 (webtiles) character file.

Game seed: 14736027331043364539

91 Sharkman1231 the Insei (level 4, 0/54 HPs)
             Began as a Draconian Transmuter on Jan 22, 2022.
             Succumbed to a scorpion's poison
             ... on level 4 of the Dungeon.
             The game lasted 00:02:28 (3010 turns).

Sharkman1231 the Insei (Draconian Transmuter)       Turns: 3010, Time: 00:02:29

Health: 0/54       AC: 22    Str: 12    XL:     4   Next: 33%
Magic:  7/7        EV:  2    Int: 13    God:
Gold:   104        SH:  0    Dex: 13    Spells: 1/8 levels left

rFire    . . .     SeeInvis .     - Unarmed
rCold    . . .     Faith    .   (no shield)
rNeg     + + +     Spirit   .   (armour unavailable)
rPois    +         Reflect  .   (helmet currently unavailable)
rElec    .         Harm     .   (cloak currently unavailable)
rCorr    .         Rampage  .   (gloves currently unavailable)
Will     .....     NoTele   +   (boots currently unavailable)
Stlth    +.........             l - amulet of magic regeneration
HPRegen  0.18/turn              (no ring)
MPRegen  0.35/turn              (no ring)

@: lethally poisoned (0 -> -7), tree-form
A: stationary, stasis, torment immunity, boosted hp, AC +5, unfitting armour,
(cold-blooded)
a: no special abilities


You were on level 4 of the Dungeon.
You were a tree.
You visited 1 branch of the dungeon, and saw 4 of its levels.

You collected 104 gold pieces.

Inventory:

Armour
 h - a +0 pair of boots (melded)
Jewellery
 l - an amulet of magic regeneration (around neck)
Wands
 n - a wand of iceblast (9)
 r - a wand of paralysis (3)
Scrolls
 a - 2 scrolls of enchant weapon
 c - a scroll of fog {unknown}
 d - 4 scrolls of teleportation
 e - a scroll of brand weapon {unknown}
 f - a scroll of vulnerability {unknown}
 j - a scroll of magic mapping {unknown}
 o - a scroll of noise
 p - a scroll of blinking
Potions
 g - a potion of attraction
 i - a potion of haste
 k - 2 potions of might
 m - 2 potions of brilliance


   Skills:
 + Level 1.9 Fighting
 + Level 2.2 Dodging
 * Level 3.7 Unarmed Combat
 + Level 2.5 Spellcasting
 * Level 2.9 Transmutations
 + Level 0.0 Ice Magic


You had one spell level left.
You knew the following spells:

 Your Spells              Type           Power      Damage    Failure   Level
a - Beastly Appendage     Tmut           18%        N/A       8%          1
b - Wereblood             Tmut           9%         N/A       11%         2
c - Ice Form              Ice/Tmut       5%         N/A       78%         4

Your spell library contained the following spells:

 Spells                   Type           Power      Damage    Failure   Level
 Blink                    Tloc           N/A        N/A       36%         2
 Spider Form              Tmut/Pois      2%         N/A       38%         3
 Ignite Poison            Fire/Tmut/Pois 4%         N/A       43%         3
 Conjure Flame            Conj/Fire      1%         6-21      58%         3
 Gell's Gravitas          Tloc           0%         N/A       58%         3
 Lesser Beckoning         Tloc           0%         N/A       58%         3
 Teleport Other           Tloc           1%         N/A       58%         3
 Sticky Flame             Conj/Fire      1%         2d3       94%         4
 Manifold Assault         Tloc           1%         N/A       100%        5
 Storm Form               Tmut/Air       2%         N/A       100%        7


Dungeon Overview and Level Annotations

Branches:
Dungeon (4/15)
 Temple: D:4-7

Altars:
Ashenzari

Shops:
D:3 [


Innate Abilities, Weirdness & Mutations

You are a tree.
Your roots penetrate the ground, keeping you stationary.
You cannot be teleported.
You are immune to unholy pain and torment.
Your maximum health is greatly increased.
Your equipment is partially melded.
((Your plain brown scales are hard. (AC +5)))
You cannot fit into any form of body armour.
((You are cold-blooded and may be slowed by cold attacks.))


Message History

The scorpion is lightly wounded.
The scorpion stings you.
You are poisoned.
The scorpion poisons you!
Unknown command.
You barely miss the scorpion.
The scorpion is lightly wounded.
You feel very sick. The scorpion stings you!
You barely miss the scorpion. Your headbutt misses the scorpion.
The scorpion is lightly wounded.
You feel sick. The scorpion stings you!
You are lethally poisoned!
The scorpion poisons you!
Unknown command.
You hit the scorpion but do no damage.
The scorpion is lightly wounded.
You feel very sick. The scorpion stings you.
* * * LOW HITPOINT WARNING * * *
* * * LOW HITPOINT WARNING * * *
You feel very sick.
Really quaff the potion of lignification?
Your horns disappear.
Your talons disappear.
Your +0 pair of boots unmelds from your body.
You turn into a tree.
Your +0 pair of boots melds into your body.
Your roots penetrate the ground.
* * * LOW HITPOINT WARNING * * *
You feel sick.
The scorpion stings you but does no damage. x2
Okay, then.
You hit the scorpion.
The scorpion is lightly wounded.
* * * LOW HITPOINT WARNING * * *
You feel sick.
The scorpion stings you but does no damage.
You smack the scorpion!
The scorpion is heavily wounded.
You die...

#...##.##.......#.##.... .
#...##..+.......#.......
#..#..÷##.##.........##.##.
#............#####...##.##!
............#.###...........
....................####.###
....................+.......
....................#....##.
...........♣s...#+#.#.....#.
...........#..#.#.#.#.......
........#....#.#.#.......).
.......#.$..#.#.#.........
##+#..<#....$!#....#...#..
#..##...........#♣.♣### #.
.............#...#
##...........#♣.8#
#...........#...#


You could see a scorpion.

Vanquished Creatures
  A hound skeleton (D:4)
  2 adders
  A worm (D:3)
  3 dart slugs
  5 orcs
  4 endoplasms
  3 giant cockroaches
  2 goblins
  4 hobgoblins
  A quokka (D:2)
  5 ball pythons
  2 bats
  2 frilled lizards
  10 rats
45 creatures vanquished.

Notes
Turn   | Place    | Note
-------+----------+-------------------------------------------
     0 | D:1      | Sharkman1231 the Draconian Transmuter began the quest for
                  | the Orb.
     0 | D:1      | Reached XP level 1. HP: 16/16 MP: 3/3
   531 | D:1      | Reached XP level 2. HP: 22/23 MP: 5/5
  1191 | D:2      | Found a faded altar of an unknown god.
  1600 | D:2      | Learned a level 2 spell: Wereblood
  1698 | D:2      | Found a broken altar of Ashenzari.
  1722 | D:2      | Reached XP level 3. HP: 28/28 MP: 6/6
  2021 | D:3      | Found Icusk's Antique Armour Boutique.
  2677 | D:4      | Reached XP level 4. HP: 33/36 MP: 7/7
  2726 | D:4      | Noticed an ice beast
  2804 | D:4      | Learned a level 4 spell: Ice Form
  2989 | D:4      | Noticed a scorpion
  3009 | D:4      | HP: 2/54 [poisoned by a scorpion]
  3010 | D:4      | Succumbed to a scorpion's poison

Illustrated notes

Levels and vault maps discovered:
D:1:      minmay_arrival_hallway, layout_basic
D:2:      layout_rooms, basic_altar, ebering_ecumenical_altar_box,
          minmay_rat_gold_closets
D:3:      layout_basic, serial_shops, shop, minmay_misc_feat_secret_circle
D:4:      layout_basic, chequers_avenue

Skill      XL: |  1  2 |
---------------+-------+-----
Dodging        | 2 |  2.2
Fighting       | |  1.9
Unarmed Combat | |  3.7
Spellcasting   | |  2.5
Transmutations | |  2.9

Action                   |  1- 3 |  4- 6 || total
-------------------------+-------+-------++-------
Melee: Unarmed           |   136 |    29 ||   165
       Tailslap          |    15 |       ||    15
       Kick              |     8 |     5 ||    13
       Punch             |     1 |     1 ||     2
       Headbutt          |     2 |     5 ||     7
 Cast: Beastly Appendage |     4 |     2 ||     6
  Use: Scroll            |     7 |     3 ||    10
       Potion            |       |     1 ||     1
 Stab: Sleeping          |     4 |     1 ||     5
Armor: Skin              |    45 |     8 ||    53
Dodge: Dodged            |    70 |    15 ||    85
